cohdb
Replays
Latest Replays
All Replays
Popular Replays
Top Player Replays
Match Explorer
How It Works
Community
CoH3 Stats
Reddit
Sign in to upload your games and track your stats! →
Sign in with Steam
Match 42185993
Unlisted
Match 42185993
Overview
Messages
Build Orders
End
Pioneer Squad
Construct Infanterie Kompanie
Selects Terror Battlegroup
Selects Machine Gun Camouflage
MG 42 Machine Gun Team
MG 42 Machine Gun Team
Grenadier Squad
Grenadier Squad
Construct Luftwaffe Kompanie
Selects Contempt for the Weak
Jäger Squad
221 Scout Car
Medical Bunker
Luftwaffe Officer Quarters
Flak 30 Anti-aircraft Gun Team
Support Elements
Marder III M Tank Destroyer
سَۨفُـيٰانۨوٰس
Porlex
0
0
Comments
sign in to comment!
No comments posted yet!